 Dungeon Crawl Stone Soup version 0.31-a0-163-gb40cd77e26 (webtiles) character file.

Game seed: 1816943352600304259

205 qw the Shooter (level 5, -3/32 HPs)
             Began as a Gargoyle Hunter on June 12, 2023.
             Slain by Terence
             ... wielding a +1 trident of venom
              (8 damage)
             ... on level 3 of the Dungeon.
             The game lasted 00:01:01 (2285 turns).

qw the Shooter (Gargoyle Hunter)                    Turns: 2285, Time: 00:01:02

Health: -3/32      AC: 10    Str: 15    XL:     5   Next: 83%
Magic:  5/5        EV: 11    Int:  9    God:
Gold:   85         SH:  0    Dex: 15    Spells: 4/4 levels left

rFire   . . .        Y - +0 shortbow
rCold   . . .        (shield currently unavailable)
rNeg    + . .        j - +0 ring mail
rPois   inf          b - +0 helmet
rElec   +            (no cloak)
rCorr   .            (no gloves)
SInv    .            (no boots)
Will    +....        (no amulet)
Stlth   +            g - ring of willpower
HPRegen 0.25/turn    (no ring)
MPRegen 0.09/turn

%: no passive effects
@: no status effects
A: sickness immunity, AC +4, negative energy resistance 1, electricity
resistance, torment resistance 1, petrification resistance
a: no special abilities


You were on level 3 of the Dungeon.
You visited 1 branch of the dungeon, and saw 3 of its levels.

You collected 145 gold pieces.
You spent 60 gold pieces at shops.


Innate Abilities, Weirdness & Mutations

You are immune to sickness and miasma.
Your stone body is resilient. (AC +4)
You are immune to poison.
You resist negative energy. (rN+)
You are resistant to electric shocks. (rElec)
You are resistant to unholy torment.
You are immune to petrification.


   Skills:
 + Level 3.6 Fighting
 - Level 6.2 Ranged Weapons
 - Level 1.0 Armour
 - Level 1.5 Dodging
 - Level 1.1 Stealth


You had 4 spell levels left.
You didn't know any spells.
Your spell library was empty.

Inventory:

Hand Weapons
 Y - a +0 shortbow (weapon)
Armour
 b - a +0 helmet (worn)
 j - a +0 ring mail (worn)
Jewellery
 g - a ring of willpower (left hand)
 l - a ring of protection from cold
Scrolls
 h - 6 scrolls of teleportation
 k - 2 scrolls of identify
 m - a scroll of vulnerability {unknown}
 n - a scroll of fog {unknown}
Potions
 a - a potion of heal wounds
 c - 2 potions of might
 d - 4 potions of curing
 e - a potion of degeneration {unknown}
 f - a potion of cancellation {unknown}
 i - a potion of ambrosia {unknown}
 o - 2 potions of magic {unknown}

Dungeon Overview and Level Annotations

Branches:
Dungeon (3/15)

Altars:
Elyvilon
The Shining One

Shops:
D:1 ?

Annotations:
D:3 1 runed translucent door, Crazy Yiuf, Terence


Message History

Enter note:
Enter note:
Enter note:
Enter note:
Enter note:
Enter note:
Enter note:
Enter note:
Enter note:
Enter note:
Enter note:
Enter note:
Enter note:
Enter note:
Enter note:
Enter note:
Enter note:
Enter note:
Enter note:
Enter note:
Enter note: You shoot an arrow.
The arrow hits Terence.
Terence is moderately wounded.
You start resting.
Terence is nearby!
You shoot an arrow.
The arrow hits Terence but does no damage.
Terence is lightly wounded.
You start resting.
Terence is nearby!
You shoot an arrow. The arrow hits Terence.
Terence is moderately wounded.
You start resting.
Terence is nearby!
You shoot an arrow. The arrow closely misses Terence.
Terence hits you but does no damage.
You shoot an arrow. The arrow hits Terence.
Terence is moderately wounded.
Terence hits you with a +1 trident of venom! x2
You die...

####.# #.#
######.# #
#......# #.
#%######
####.#### #.#
........# #.#
#......# #.#
#....#@####.#
#..@......#
.....##.######
.#.# #.# ..
#.# ..# ###


You could see Terence.

Vanquished Creatures
  An orc priest (D:3)
  An orc wizard (D:3)
  A gnoll (D:1)
  7 adders
  A worm (D:2)
  3 dart slugs
  8 orcs (D:3)
  9 ball pythons
  3 endoplasms
  A giant cockroach (D:2)
  3 goblins
  3 hobgoblins
  3 jackals
  9 kobolds
  2 quokkas (D:2)
  6 bats
  A frilled lizard (D:2)
  5 rats
67 creatures vanquished.

Notes
Turn   | Place    | Note
-------+----------+-------------------------------------------
     0 | D:1      | qw the Gargoyle Hunter began the quest for the Orb.
     0 | D:1      | Reached XP level 1. HP: 12/12 MP: 1/1
     0 | D:1      | 0 ||| qw: Version: 0.2-a-29-gc1b59c4
     0 | D:1      | 0 ||| qw: Game counter: 4431
     0 | D:1      | 0 ||| qw: Always use a shield: true
     0 | D:1      | 0 ||| qw: God list: Okawaru
     0 | D:1      | 0 ||| qw: Allow faded altars: false
     0 | D:1      | 0 ||| qw: Do Orc after D:15 true
     0 | D:1      | 0 ||| qw: Do second Lair branch before Depths: true
     0 | D:1      | 0 ||| qw: Lair rune preference: random
     0 | D:1      | 0 ||| qw: Plans: Normal, Zot:1-4, Slime:5, God:TSO, Crypt,
                  | Tomb, Abyss, Pan, Hells, Win
     0 | D:1      | 0 ||| PLANNING D:1-11
    40 | D:1      | Reached XP level 2. HP: 15/17 MP: 2/2
   269 | D:1      | Reached XP level 3. HP: 21/21 MP: 3/3
   441 | D:1      | Found Icruur's Magic Scroll Shoppe.
   444 | D:1      | 444 ||| SHOPLISTING scroll of brand weapon (95 gold, have
                  | 84).
   444 | D:1      | 444 ||| BUYING scroll of teleportation (30 gold).
   444 | D:1      | Bought a scroll of teleportation for 30 gold pieces
   444 | D:1      | 444 ||| BUYING scroll of teleportation (30 gold).
   444 | D:1      | Bought a scroll of teleportation for 30 gold pieces
   666 | D:1      | 666 ||| UPGRADING to +0 ring mail.
   676 | D:1      | 676 ||| DROPPING +0 leather armour.
   677 | D:1      | 677 ||| READING 2 scrolls labelled WUOTESEOWU.
   678 | D:1      | 678 ||| READING scroll labelled VYJOKOD ESILU.
   679 | D:1      | 679 ||| READING 2 scrolls labelled NAULOF UGOYPS.
   680 | D:1      | 680 ||| DROPPING scroll of amnesia.
   681 | D:1      | 681 ||| DROPPING scroll of butterflies.
   742 | D:2      | Found a white marble altar of Elyvilon.
   895 | D:2      | Reached skill level 1 in Armour
   930 | D:2      | Reached skill level 5 in Ranged Weapons
  1133 | D:2      | HP: 5/22 [kobold/+0 dagger (3)]
  1134 | D:2      | 1134 ||| READING 6 scrolls of teleportation.
  1136 | D:2      | Reached XP level 4. HP: 7/27 MP: 4/4
  1170 | D:2      | 1170 ||| FLEEEEING.
  1180 | D:2      | 1180 ||| STAIRDANCE
  1224 | D:1      | 1224 ||| UPGRADING to +0 helmet.
  1229 | D:1      | 1229 ||| DRINKING 2 metallic coppery potions.
  1230 | D:1      | 1230 ||| READING 2 scrolls of identify.
  1230 | D:1      | 1230 ||| IDENTIFYING bubbling white potion
  1257 | D:2      | Reached skill level 3 in Fighting
  1488 | D:3      | Reached XP level 5. HP: 29/32 MP: 5/5
  1654 | D:3      | Reached skill level 6 in Ranged Weapons
  1658 | D:3      | 1658 ||| FLEEEEING.
  1659 | D:3      | 1659 ||| FLEEEEING.
  1660 | D:3      | 1660 ||| FLEEEEING.
  1661 | D:3      | 1661 ||| FLEEEEING.
  1662 | D:3      | 1662 ||| FLEEEEING.
  1663 | D:3      | 1663 ||| FLEEEEING.
  1664 | D:3      | 1664 ||| FLEEEEING.
  1665 | D:3      | 1665 ||| FLEEEEING.
  1666 | D:3      | 1666 ||| FLEEEEING.
  1667 | D:3      | 1667 ||| FLEEEEING.
  1668 | D:3      | 1668 ||| FLEEEEING.
  1669 | D:3      | 1669 ||| FLEEEEING.
  1670 | D:3      | 1670 ||| FLEEEEING.
  1671 | D:3      | 1671 ||| FLEEEEING.
  1672 | D:3      | 1672 ||| FLEEEEING.
  1673 | D:3      | 1673 ||| FLEEEEING.
  1674 | D:3      | 1674 ||| FLEEEEING.
  1675 | D:3      | 1675 ||| FLEEEEING.
  1676 | D:3      | 1676 ||| FLEEEEING.
  1677 | D:3      | 1677 ||| FLEEEEING.
  1678 | D:3      | 1678 ||| FLEEEEING.
  1679 | D:3      | 1679 ||| FLEEEEING.
  1680 | D:3      | 1680 ||| FLEEEEING.
  1681 | D:3      | 1681 ||| FLEEEEING.
  1682 | D:3      | 1682 ||| STAIRDANCE
  1896 | D:3      | Found a faded altar of an unknown god.
  2103 | D:3      | Found a glowing golden altar of the Shining One.
  2172 | D:3      | Found a runed translucent door.
  2173 | D:3      | Noticed Crazy Yiuf
  2266 | D:3      | Noticed Terence
  2276 | D:3      | 2276 ||| UPGRADING to ring of willpower.
  2285 | D:3      | HP: 5/32 [Terence/+1 trident of venom (9)]
  2285 | D:3      | Slain by Terence

Levels and vault maps discovered:
D:1:      dpeg_arrival_oval, layout_rooms, serial_shops, nicolae_shop_rolled_up,
          minivault_23, roderic_st_hans_cross, kennysheep_minor_cross,
          st_stairs_8
D:2:      layout_basic, basic_altar, st_stairs_12, minmay_vboxes
D:3:      layout_loops_corners, lemuel_crystal_altar,
          chequers_ecumenical_altar_twisty, nicolae_half_adder, uniq_terence,
          uniq_crazy_yiuf_cottage

Skill      XL: |  1  2  3  4  5 |
---------------+----------------+-----
Armour         | 1 |  1.0
Ranged Weapons | 5 6 |  6.2
Fighting       | 3 |  3.6
Dodging        | |  1.5
Stealth        | |  1.1

Action                     |  1- 3 |  4- 6 || total
---------------------------+-------+-------++-------
   Fire: Shortbow          |   109 |   123 ||   232
    Use: Scroll            |     4 |     1 ||     5
         Potion            |       |     1 ||     1
 Armour: Leather armour    |     4 |       ||     4
         Ring mail         |    26 |    40 ||    66
  Dodge: Dodged            |    37 |    53 ||    90

Table legend:
 A = Non-vault XP
 B = Vault XP
 C = Vault XP percentage of total XP
 D = Non-vault monster count
 E = Vault monster count
 F = Vault count percentage of total count
                 A         B        C        D         E       F
            +---------+---------+-------+---------+---------+-------
      Total |     214 |      80 |  27.2 |      56 |      11 |  16.4
            +---------+---------+-------+---------+---------+-------
        D:1 |      35 |       2 |   5.4 |      13 |       1 |   7.1
        D:2 |      56 |      26 |  31.7 |      25 |       6 |  19.4
        D:3 |     123 |      52 |  29.7 |      18 |       4 |  18.2
            +---------+---------+-------+---------+---------+-------
